Workbook

Sheet Hoja1
A3: Fecha | B3: Descripción | C3: Importe | D3: Columna1
A4: 42739 | B4: Compras con tarjeta: ABFG521 | C4: -70 | D4: Gasto
A5: 42739 | B5: Domiciliación de recibos: ECAD638 | C5: -70
A6: 42741 | B6: Compras con tarjeta: DHIE247 | C6: -65
A7: 42742 | B7: Pago de adeudos: EEHD546 | C7: -62
A8: 42743 | B8: Pago de comisiones: CHDG647 | C8: -66
A9: 42746 | B9: Pago de adeudos: BDDA923 | C9: -57
A10: 42746 | B10: Pago de comisiones: GECF612 | C10: -51
A11: 42747 | B11: Compras con tarjeta: EABC987 | C11: -61
A12: 42747 | B12: Pago de adeudos: GIBH886 | C12: -64
A13: 42747 | B13: Domiciliación de recibos: IGFD537 | C13: -55
A14: 42749 | B14: Pago de comisiones: DCHC543 | C14: -59
A15: 42750 | B15: Liquidación de intereses: GGGE281 | C15: 5.08
A16: 42750 | B16: Transferencias realizadas: BFCA518 | C16: -50
... A759: 43861 | B759: Pago de adeudos: BIHC698 | C759: -65

Sheet Hoja3
A1: Año: | B1: 2017
B4: =DATE($B$1,COLUMNS($C$1:C1),1) -> 42736 | C4: =DATE($B$1,COLUMNS($C$1:D1),1) -> 42767 | D4: =DATE($B$1,COLUMNS($C$1:E1),1) -> 42795 | E4: =DATE($B$1,COLUMNS($C$1:F1),1) -> 42826 | F4: =DATE($B$1,COLUMNS($C$1:G1),1) -> 42856 | G4: =DATE($B$1,COLUMNS($C$1:H1),1) -> 42887 | H4: =DATE($B$1,COLUMNS($C$1:I1),1) -> 42917 | I4: =DATE($B$1,COLUMNS($C$1:J1),1) -> 42948 | ... M4: =DATE($B$1,COLUMNS($C$1:N1),1) -> 43070
A5: Ingresos | B5: =SUMIFS(Movimientos[[Importe]:[Importe]],Movimientos[[Importe]:[Importe]],">0",Movimientos[[Fecha]:[Fecha]],">="&Hoja3!B$4,Movimientos[[Fecha]:[Fecha]],"<="&EOMONTH(Hoja3!B$4,0)) -> 1700.08 | C5: =SUMIFS(Movimientos[[Importe]:[Importe]],Movimientos[[Importe]:[Importe]],">0",Movimientos[[Fecha]:[Fecha]],">="&Hoja3!C$4,Movimientos[[Fecha]:[Fecha]],"<="&EOMONTH(Hoja3!C$4,0)) -> 1855 | D5: =SUMIFS(Movimientos[[Importe]:[Importe]],Movimientos[[Importe]:[Importe]],">0",Movimientos[[Fecha]:[Fecha]],">="&Hoja3!D$4,Movimientos[[Fecha]:[Fecha]],"<="&EOMONTH(Hoja3!D$4,0)) -> 1676 | E5: =SUMIFS(Movimientos[[Importe]:[Importe]],Movimientos[[Importe]:[Importe]],">0",Movimientos[[Fecha]:[Fecha]],">="&Hoja3!E$4,Movimientos[[Fecha]:[Fecha]],"<="&EOMONTH(Hoja3!E$4,0)) -> 1870.62 | F5: =SUMIFS(Movimientos[[Importe]:[Importe]],Movimientos[[Importe]:[Importe]],">0",Movimientos[[Fecha]:[Fecha]],">="&Hoja3!F$4,Movimientos[[Fecha]:[Fecha]],"<="&EOMONTH(Hoja3!F$4,0)) -> 2292.54 | G5: =SUMIFS(Movimientos[[Importe]:[Importe]],Movimientos[[Importe]:[Importe]],">0",Movimientos[[Fecha]:[Fecha]],">="&Hoja3!G$4,Movimientos[[Fecha]:[Fecha]],"<="&EOMONTH(Hoja3!G$4,0)) -> 1900.62 | H5: =SUMIFS(Movimientos[[Importe]:[Importe]],Movimientos[[Importe]:[Importe]],">0",Movimientos[[Fecha]:[Fecha]],">="&Hoja3!H$4,Movimientos[[Fecha]:[Fecha]],"<="&EOMONTH(Hoja3!H$4,0)) -> 1850.81 | I5: =SUMIFS(Movimientos[[Importe]:[Importe]],Movimientos[[Importe]:[Importe]],">0",Movimientos[[Fecha]:[Fecha]],">="&Hoja3!I$4,Movimientos[[Fecha]:[Fecha]],"<="&EOMONTH(Hoja3!I$4,0)) -> 1672 | ... M5: =SUMIFS(Movimientos[[Importe]:[Importe]],Movimientos[[Importe]:[Importe]],">0",Movimientos[[Fecha]:[Fecha]],">="&Hoja3!M$4,Movimientos[[Fecha]:[Fecha]],"<="&EOMONTH(Hoja3!M$4,0)) -> 1804.89
A6: Gastos | B6: =SUMIFS(Movimientos[[Importe]:[Importe]],Movimientos[[Importe]:[Importe]],"<0",Movimientos[[Fecha]:[Fecha]],">="&Hoja3!B$4,Movimientos[[Fecha]:[Fecha]],"<="&EOMONTH(Hoja3!B$4,0)) -> -1159 | C6: =SUMIFS(Movimientos[[Importe]:[Importe]],Movimientos[[Importe]:[Importe]],"<0",Movimientos[[Fecha]:[Fecha]],">="&Hoja3!C$4,Movimientos[[Fecha]:[Fecha]],"<="&EOMONTH(Hoja3!C$4,0)) -> -722 | D6: =SUMIFS(Movimientos[[Importe]:[Importe]],Movimientos[[Importe]:[Importe]],"<0",Movimientos[[Fecha]:[Fecha]],">="&Hoja3!D$4,Movimientos[[Fecha]:[Fecha]],"<="&EOMONTH(Hoja3!D$4,0)) -> -1116 | E6: =SUMIFS(Movimientos[[Importe]:[Importe]],Movimientos[[Importe]:[Importe]],"<0",Movimientos[[Fecha]:[Fecha]],">="&Hoja3!E$4,Movimientos[[Fecha]:[Fecha]],"<="&EOMONTH(Hoja3!E$4,0)) -> -1331 | F6: =SUMIFS(Movimientos[[Importe]:[Importe]],Movimientos[[Importe]:[Importe]],"<0",Movimientos[[Fecha]:[Fecha]],">="&Hoja3!F$4,Movimientos[[Fecha]:[Fecha]],"<="&EOMONTH(Hoja3!F$4,0)) -> -947 | G6: =SUMIFS(Movimientos[[Importe]:[Importe]],Movimientos[[Importe]:[Importe]],"<0",Movimientos[[Fecha]:[Fecha]],">="&Hoja3!G$4,Movimientos[[Fecha]:[Fecha]],"<="&EOMONTH(Hoja3!G$4,0)) -> -1069 | H6: =SUMIFS(Movimientos[[Importe]:[Importe]],Movimientos[[Importe]:[Importe]],"<0",Movimientos[[Fecha]:[Fecha]],">="&Hoja3!H$4,Movimientos[[Fecha]:[Fecha]],"<="&EOMONTH(Hoja3!H$4,0)) -> -756 | I6: =SUMIFS(Movimientos[[Importe]:[Importe]],Movimientos[[Importe]:[Importe]],"<0",Movimientos[[Fecha]:[Fecha]],">="&Hoja3!I$4,Movimientos[[Fecha]:[Fecha]],"<="&EOMONTH(Hoja3!I$4,0)) -> -1053 | ... M6: =SUMIFS(Movimientos[[Importe]:[Importe]],Movimientos[[Importe]:[Importe]],"<0",Movimientos[[Fecha]:[Fecha]],">="&Hoja3!M$4,Movimientos[[Fecha]:[Fecha]],"<="&EOMONTH(Hoja3!M$4,0)) -> -832
A8: Resultado | B8: =B5+B6 -> 541.08 | C8: =C5+C6 -> 1133 | D8: =D5+D6 -> 560 | E8: =E5+E6 -> 539.62 | F8: =F5+F6 -> 1345.54 | G8: =G5+G6 -> 831.62 | H8: =H5+H6 -> 1094.81 | I8: =I5+I6 -> 619 | ... M8: =M5+M6 -> 972.89
